 Dungeon Crawl Stone Soup version 0.21-a0-434-g806c6c2 (webtiles) character file.

2 Atlas the Chiller (level 1, 0/14 HPs)
             Began as a Draconian Ice Elementalist on Nov 8, 2017.
             Slain by a hobgoblin
             ... wielding a +0 club
              (2 damage)
             ... on level 1 of the Dungeon.
             The game lasted 00:00:10 (72 turns).

Atlas the Chiller (Draconian Ice Elementalist)        Turns: 72, Time: 00:00:10

Health: 0/14       AC:  4    Str: 10    XL:     1   Next: 33%
Magic:  0/3        EV: 12    Int: 15    God:
Gold:   0          SH:  0    Dex: 11    Spells: 3/4 levels left

rFire    . . .     SeeInvis .   (no weapon)
rCold    . . .     Gourm    .   (no shield)
rNeg     . . .     Faith    .   (armour unavailable)
rPois    .         Spirit   .   (helmet restricted)
rElec    .         Reflect  .   (no cloak)
rCorr    .         Harm     .   (no gloves)
MR       .....                  (no boots)
Stlth    ++........             (no amulet)
HPRegen  0.04/turn              (no ring)
MPRegen  0.08/turn              (no ring)

@: very slightly contaminated
A: unfitting armour, cold-blooded, AC +4
a: no special abilities


You were on level 1 of the Dungeon.
You were not hungry.

You visited 1 branch of the dungeon, and saw 1 of its levels.

Inventory:

Books
 a - a book of Frost

   Spells                             Type                      Level
   a - Freeze                         Ice                          1
   b - Throw Frost                    Conjuration/Ice              2
   c - Ozocubu's Armour               Charms/Ice                   3
   d - Throw Icicle                   Conjuration/Ice              4
   e - Summon Ice Beast               Ice/Summoning                4
Comestibles
 b - a bread ration
 c - a chunk of flesh


   Skills:
 + Level 1.8 Dodging
 + Level 1.8 Stealth
 + Level 2.0 Spellcasting
   Level 1.0 Conjurations
 + Level 3.1 Ice Magic


You had 3 spell levels left.
You knew the following spells:

 Your Spells              Type           Power        Failure   Level  Hunger
a - Freeze                Ice            ##..         6%          1    #......


Dungeon Overview and Level Annotations

Branches:
Dungeon (1/15)

Altars:


Innate Abilities, Weirdness & Mutations

Your plain brown scales are hard. (AC +4)
You cannot fit into any form of body armour.
You are cold-blooded and may be slowed by cold attacks.


Message History

The hobgoblin is lightly wounded.
The hobgoblin misses you.
You hit the hobgoblin.
The hobgoblin is heavily wounded.
The hobgoblin hits you with a club.
* * * LOW HITPOINT WARNING * * *
You barely miss the hobgoblin.
The hobgoblin is moderately wounded.
Casting: Freeze
Confirm with . or Enter, or press ? or * to list all spells.
Aiming: Freeze
Press: ? - help, Shift-Dir - straight line, f/p - hobgoblin
Aim: a hobgoblin, wielding a club (moderately wounded)
You freeze the hobgoblin.
The hobgoblin is severely wounded.
The hobgoblin barely misses you.
You closely miss the hobgoblin.
The hobgoblin is severely wounded.
The hobgoblin hits you with a club.
You die...

###.###.# #K#.#n#..
###.###.### . #.#.#x#...#
# ...###'###.#.###.# .#
.....#.#...÷.....#####..#
#.......#.#####......#
.....#.##..#.#####†.....#
.#####.##..#....@gK.....#
...#..#######......#
....#... ##+#..#
#.#..##... # #.#..##....
#.#b #.####


You could see a hobgoblin and a kobold.

Vanquished Creatures
  A bat (D:1)
  A hobgoblin (D:1)
2 creatures vanquished.

Notes
Turn   | Place    | Note
-------+----------+-------------------------------------------
     0 | D:1      | Atlas the Draconian Ice Elementalist began the quest for the Orb.
     0 | D:1      | Reached XP level 1. HP: 14/14 MP: 3/3
     2 | D:1      | Noticed a spriggan
     2 | D:1      | Noticed an ogre
     4 | D:1      | Noticed a felid
     4 | D:1      | Noticed an elf
     6 | D:1      | Noticed a demonspawn
     6 | D:1      | Noticed a dwarf
     8 | D:1      | Noticed a formicid
     8 | D:1      | Noticed a merfolk
    10 | D:1      | Noticed a halfling
    10 | D:1      | Noticed a troll
    12 | D:1      | Noticed a centaur
    12 | D:1      | Noticed a minotaur
    14 | D:1      | Noticed a draconian
    14 | D:1      | Noticed a human
    16 | D:1      | Noticed a vine stalker
    16 | D:1      | Noticed a gargoyle
    18 | D:1      | Noticed a vampire
    20 | D:1      | Noticed a tengu
    20 | D:1      | Noticed a naga
    22 | D:1      | Noticed a demigod
    24 | D:1      | Noticed a ghoul
    26 | D:1      | Noticed an octopode
    72 | D:1      | Slain by a hobgoblin

Vault maps used:
D:1:      kb_arrival_jail

Action                   || total
-------------------------++-------
Melee: Unarmed           ||    10
 Cast: Freeze            ||     5
Armor: Skin              ||     2
Dodge: Dodged            ||    12

Table legend:
 A = Spawn XP
 B = Non-spawn XP
 C = Spawn XP percentage of total XP
 D = Spawn monster count
 E = Non-spawn monster count
 F = Spawn count percentage of total count
 G = Total turns spent on level
                    A         B        C        D         E        F      G
               +---------+---------+-------+---------+---------+-------+---------
         Total |       0 |       4 |   0.0 |       0 |       2 |   0.0 |    72
               +---------+---------+-------+---------+---------+-------+---------
           D:1 |       0 |       4 |   0.0 |       0 |       2 |   0.0 |    72
               +---------+---------+-------+---------+---------+-------+---------
